 Dungeon Crawl Stone Soup version 0.23.2 (webtiles) character file.

Game seed: 6454576432372073168

86 Marnok the Skirmisher (level 4, -8/38 HPs)
             Began as a Demigod Wanderer on Apr 3, 2019.
             Mangled by Sigmund
             ... wielding a +0 scythe
              (11 damage)
             ... on level 2 of the Dungeon.
             The game lasted 00:05:47 (1706 turns).

Marnok the Skirmisher (Demigod Wanderer)            Turns: 1706, Time: 00:05:48

Health: -8/38      AC:  4    Str: 16    XL:     4   Next: 5%
Magic:  6/6        EV: 11    Int: 23    God:
Gold:   80         SH:  0    Dex: 14    Spells: 3/3 levels left

rFire    . . .     SeeInvis .   a - +2 spear
rCold    . . .     Gourm    .   (no shield)
rNeg     . . .     Faith    .   g - +0 leather armour
rPois    .         Spirit   .   h - +0 helmet
rElec    .         Reflect  .   (no cloak)
rCorr    .         Harm     .   (no gloves)
MR       .....                  (no boots)
Stlth    ++........             (no amulet)
HPRegen  0.12/turn              (no ring)
MPRegen  0.10/turn              (no ring)

@: brilliant
A: high mp 1
a: no special abilities


You were on level 2 of the Dungeon.
You were not hungry.

You visited 1 branch of the dungeon, and saw 2 of its levels.

You collected 80 gold pieces.

Inventory:

Hand Weapons
 a - a +2 spear (weapon)
 i - a +0 dagger of venom
 k - a +0 dagger
 l - a +2 short sword of protection
Missiles
 b - 6 sling bullets (quivered)
Armour
 d - a +0 robe
 g - a +0 leather armour (worn)
 h - a +0 helmet (worn)
Scrolls
 c - 3 scrolls of magic mapping
Comestibles
 f - 4 rations


   Skills:
 + Level 3.2 Fighting
 + Level 3.1 Polearms
 + Level 1.0 Throwing
 + Level 0.9 Armour
 + Level 0.9 Dodging
 + Level 1.3 Stealth
   Level 1.0 Transmutations
   Level 1.7 Air Magic


You had 3 spell levels left.
You didn't know any spells.
Your spell library was empty.

Dungeon Overview and Level Annotations

Branches:
Dungeon (2/15)

Annotations:
D:2 Sigmund


Innate Abilities, Weirdness & Mutations

You have an increased reservoir of magic. (+10% MP)


Message History

Something hits you. The goblin barely misses you.
You closely miss something. The goblin hits you but does no damage.
You're too confused to move!
Something hits you! The goblin hits you.
You miss something.
You hear some strange, mumbled words.
Something tries to affect you, but you resist.
The goblin hits you.
You bump into the rock wall.
Something hits you.
* * * LOW HITPOINT WARNING * * *
The goblin hits you but does no damage.
You feel better. The goblin hits you but does no damage.
Okay, then.
You hit something. Something hits you! The goblin hits you but does no damage.
You closely miss something. Something hits you!
* * * LOW HITPOINT WARNING * * *
The goblin closely misses you.
You closely miss the goblin.
The goblin is moderately wounded.
Something hits you!
You die...

############ #..........#
#..........# #..........#
#######.)........#
#.....#..........#
####.....#(..{......#
#........###g...#
#####>.......#..@##.#
...............### # ###
...........#.#### # #.#
.........#.#....### .### #.#
........##.####...##...#
#.####
.........#.######....#.#
#.....
....^.......##.....###.##
#.#### ...............###.#
#..####.# #
.......###.......#.###...#...#
#


You could see a goblin.

Vanquished Creatures
  4 adders (D:2)
  3 worms (D:2)
  A leopard gecko (D:2)
  6 bats
  3 giant cockroaches (D:2)
  4 goblins
  4 hobgoblins
  4 jackals (D:2)
  A quokka (D:2)
  A frilled lizard (D:1)
  3 kobolds (D:1)
  8 rats
42 creatures vanquished.

Notes
Turn   | Place    | Note
-------+----------+-------------------------------------------
     0 | D:1      | Marnok the Demigod Wanderer began the quest for the Orb.
     0 | D:1      | Marnok set off with the following items: a +2 spear, a
                  | potion of curing, a potion of lignification, a +0 robe, a
                  | ration
     0 | D:1      | Reached XP level 1. HP: 18/18 MP: 3/3
   501 | D:1      | Reached XP level 2. HP: 26/26 MP: 4/4
   672 | D:2      | Reached XP level 3. HP: 8/31 MP: 5/5
  1194 | D:2      | Noticed Sigmund
  1446 | D:2      | Reached XP level 4. HP: 21/38 MP: 6/6
  1706 | D:2      | Mangled by Sigmund

Skill      XL: |  1  2  3 |
---------------+----------+-----
Polearms       | 2 3 |  3.1
Fighting       | 3 |  3.2
Throwing       | |  1.0
Armour         | |  0.9
Dodging        | |  0.9
Stealth        | |  1.3
Transmutations | |  1.0
Air Magic      | |  1.7

Action                   |  1- 3 |  4- 6 || total
-------------------------+-------+-------++-------
Melee: Spear             |   155 |    16 ||   171
  Use: Scroll            |     3 |       ||     3
       Potion            |     2 |     2 ||     4
 Stab: Sleeping          |     3 |       ||     3
  Eat: Chunk             |     2 |     1 ||     3
Armor: Leather armour    |    48 |    11 ||    59
       Robe              |     4 |       ||     4
       Skin              |    35 |       ||    35
Dodge: Dodged            |    88 |    16 ||   104
